 Dungeon Crawl Stone Soup version 0.29-a0-598-gd8304a5bf4 (webtiles) character file.

Game seed: 7838193028308758560

71 Vylera the Cutter (level 4, -18/23 HPs)
             Began as a Spriggan Abyssal Knight on June 16, 2022.
             Was a Believer of Lugonu.
             Killed from afar by Natasha (24 damage)
             ... with a bolt of light
             ... on level 2 of the Dungeon.
             The game lasted 00:04:44 (1766 turns).

Vylera the Cutter (Spriggan Abyssal Knight)         Turns: 1766, Time: 00:04:44

Health: -18/23     AC:  2    Str:  9    XL:     4   Next: 5%
Magic:  7/7        EV: 17    Int: 13    God:    Lugonu [**....]
Gold:   85         SH:  0    Dex: 15    Spells: 3/3 levels left

rFire   . . .      SeeInvis +   g - +0 dagger (freeze)
rCold   . . .      Faith    .   h - orb {mayhem}
rNeg    . . .      Spirit   .   b - +0 robe
rPois   .          Reflect  .   (helmet restricted)
rElec   .          Harm     .   (no cloak)
rCorr   .          Rampage  .   (gloves unavailable)
Will    .....                   (boots unavailable)
Stlth   +.........              (no amulet)
HPRegen 0.07/turn               (no ring)
MPRegen 0.10/turn               (no ring)

@: hasted (expiring), very quick
A: very small, no large weapons, unfitting armour, see invisible, speed 3
a: Renounce Religion, Depart the Abyss, Bend Space


You were on level 2 of the Dungeon.
You worshipped Lugonu.
Lugonu was pleased with you.
You visited 1 branch of the dungeon, and saw 2 of its levels.
You visited the Abyss 1 time.

You collected 85 gold pieces.

Inventory:

Hand Weapons
 a - a +1 short sword
 g - a +0 dagger of freezing (weapon)
Missiles
 d - 2 poisoned darts
Armour
 b - a +0 robe (worn)
 h - an orb of mayhem (worn)
Jewellery
 e - an amulet of magic regeneration
Scrolls
 i - a scroll of teleportation {unknown}
 j - a scroll of enchant weapon {unknown}
 l - a scroll of identify {unknown}
Potions
 c - 2 potions of haste
 f - a potion of brilliance {unknown}
 k - a potion of heal wounds {unknown}
 m - a potion of curing {unknown}


   Skills:
 - Level 2.4 Fighting
 * Level 3.7 Short Blades
 - Level 3.2 Dodging
 * Level 3.2 Invocations


You had 3 spell levels left.
You didn't know any spells.
Your spell library was empty.

Dungeon Overview and Level Annotations

Branches:
Dungeon (2/15)

Altars:

Annotations:
D:2 Natasha


Innate Abilities, Weirdness & Mutations

You are very small and have problems with some larger weapons.
You are too small for most types of armour.
You have supernaturally acute eyesight. (SInv)
You cover ground extremely quickly. (Speed+++)


Message History

You kill the worm!
Lugonu accepts your kill.
The white imp flies into a frenzy!
The white imp hits Natasha.
The white imp freezes Natasha.
The crimson imp misses you.
Your Invocations skill increases to level 3!
You barely miss Natasha.
Natasha is heavily wounded.
You barely miss Natasha.
Natasha is heavily wounded.
The white imp shouts!
Natasha misses you. The crimson imp misses you.
You barely miss Natasha.
Natasha is heavily wounded.
The white imp barely misses Natasha.
You barely miss Natasha.
Natasha is heavily wounded.
Natasha claws you.
* * * LOW HITPOINT WARNING * * *
The crimson imp closely misses you.
The white imp closely misses Natasha.
You hit Natasha but do no damage.
Natasha is heavily wounded.
The white imp barely misses Natasha.
Natasha claws you but does no damage.
You barely miss Natasha.
Natasha is heavily wounded.
The crimson imp misses you.
The white imp hits Natasha.
The white imp freezes Natasha.
Natasha dies!
Lugonu accepts your kill.
Natasha growls in agony!
The crimson imp disappears in a puff of smoke!
The white imp disappears in a puff of smoke!
You have reached level 4!
You see here the felid corpse of Natasha.
You start resting.
Natasha, Servant of Life and Death comes into view.
She is carrying a wand of light (8).
Natasha hisses angrily.
Your extra speed is starting to run out.
Natasha zaps a wand.
The bolt of light hits you!!
Ouch! That really hurt!
You die...

#........h#
#.##..###.# #(##..#
#.# #.##..# #.# #
#.##..###.##.#..#
####.##..#.h.......#
#........#.#.##.#.##
##.##.......#.# #
#8.8####.####@#
##.## #.# #.# #
##÷## #.####.##.####
#8.8# #.............
##.## ######[###.###
##.## #.# #8.8# #.#
##†### ... #.#.# #.#


You could see Natasha.

Vanquished Creatures
  An adder (D:2)
  A worm (D:2)
  A dart slug (D:2)
  4 bats
  An endoplasm (D:1)
  2 giant cockroaches (D:1)
  3 hobgoblins (D:1)
  2 jackals (D:2)
  2 kobolds (D:1)
  A quokka (D:1)
  A ball python (D:1)
  A frilled lizard (D:2)
  5 goblins (D:1)
  7 rats
32 creatures vanquished.

Vanquished Creatures (collateral kills)
  Natasha (D:2)
1 creature vanquished.

Grand Total: 33 creatures vanquished

Notes
Turn   | Place    | Note
-------+----------+-------------------------------------------
     0 | Abyss:1  | Vylera the Spriggan Abyssal Knight began the quest for the
                  | Orb.
     0 | Abyss:1  | Reached XP level 1. HP: 11/11 MP: 3/3
     7 | Abyss:1  | Found a corrupted altar of Lugonu.
    25 | Abyss:1  | Noticed a rust devil
    31 | D:1      | Escaped the Abyss
    87 | D:1      | Reached ** piety under Lugonu
   255 | D:1      | Reached XP level 2. HP: 10/16 MP: 4/4
  1347 | D:2      | Reached XP level 3. HP: 1/19 MP: 6/6
  1694 | D:2      | Noticed Natasha
  1742 | D:2      | Killed Natasha
  1743 | D:2      | Reached XP level 4. HP: 5/23 MP: 7/7
  1764 | D:2      | Noticed Natasha
  1766 | D:2      | Killed from afar by Natasha

Illustrated notes

Levels and vault maps discovered:
D:1:      minmay_arrival_solitary_statue, layout_loops_ring
D:2:      layout_loops_ring, st_stairs_7, amcnicky_mini_corridor_feature,
          minmay_misc_feat_tower, uniq_jessica, uniq_natasha

Skill      XL: |  1  2  3 |
---------------+----------+-----
Invocations    | 2 3 |  3.2
Short Blades   | 3 |  3.7
Fighting       | |  2.4
Dodging        | |  3.2

Action                   |  1- 3 |  4- 6 || total
-------------------------+-------+-------++-------
Melee: Short sword       |    57 |       ||    57
       Punch             |     2 |       ||     2
       Dagger            |    66 |       ||    66
Invok: Depart the Abyss  |     1 |       ||     1
  Use: Potion            |     1 |       ||     1
 Stab: Sleeping          |     1 |       ||     1
Armor: Robe              |    17 |       ||    17
Dodge: Dodged            |    82 |       ||    82

Table legend: (Time is in decaauts)
 A = Elapsed time spent in this place.
 B = Non-inter-level travel time spent in this place.
 C = Inter-level travel time spent in this place.
 D = Time resting spent in this place.
 E = Time spent auto-exploring this place.
 F = Levels seen in this place.
 G = Mean time per level.
                   A        B        C        D        E       F      G
               +--------+--------+--------+--------+--------+-----+--------+
         Total |   1465 |   1445 |     20 |    278 |    924 |   3 |  488.3 |
       Dungeon |   1446 |   1426 |     20 |    278 |    910 |   2 |  723.0 |
         Abyss |     19 |     19 |      0 |      0 |     13 |   1 |   19.0 |
               +--------+--------+--------+--------+--------+-----+--------+

Top non-repeatable levels by time:
     D:1: 1046 daAuts
     D:2: 400 daAuts
 Abyss:1: 19 daAuts
